 Dungeon Crawl Stone Soup version 0.27-a0-1049-g450f9b2e0d (webtiles) character file.

Game seed: 10729230823774990691

57 tsouns the Digger (level 3, -3/23 (24) HPs)
             Began as a Demonspawn Earth Elementalist on Apr 21, 2021.
             Was a Follower of Ru.
             Slain by a wight
             ... wielding a +0 hand axe
              (12 damage)
             ... on level 3 of the Dungeon.
             The game lasted 00:03:41 (2655 turns).

tsouns the Digger (Demonspawn Earth Elementalist)   Turns: 2655, Time: 00:03:41

HP:   -3/23 (24)    AC:  2    Str:  8    XL:     3   Next: 73%
MP:   2/7           EV: 12    Int: 17    God:    Ru [*.....]
Gold: 149           SH:  0    Dex: 13    Spells: 1/7 levels left

rFire    . . .     SeeInvis .   j - +4 dagger
rCold    . . .     Faith    .   (no shield)
rNeg     . . .     Spirit   .   c - +0 robe
rPois    .         Reflect  .   (no helmet)
rElec    .         Harm     .   (no cloak)
rCorr    .         Rampage  .   (no gloves)
Will     .....                  (no boots)
Stlth    ++........             (no amulet)
HPRegen  0.07/turn              (no ring)
MPRegen  0.10/turn              (no ring)

@: lightly drained
A: powered by death 1, hated by all, demonic magic 1
a: Renounce Religion


You were on level 3 of the Dungeon.
You worshipped Ru.
Ru was aware of your devotion.
You visited 1 branch of the dungeon, and saw 3 of its levels.

You collected 149 gold pieces.

Inventory:

Hand Weapons
 i - a +0 rapier
 j - a +4 dagger (weapon)
Missiles
 b - 91 stones
 l - 2 javelins
Armour
 c - a +0 robe (worn)
 f - a +0 buckler
Scrolls
 d - 2 scrolls of amnesia {unknown}
 g - 4 scrolls of torment {unknown}
 k - a scroll of magic mapping {unknown}
 m - a scroll of enchant weapon {unknown}
Potions
 a - a potion of curing {unknown}
 e - a potion of might {unknown}
 h - 2 potions of heal wounds {unknown}


   Skills:
 - Level 1.7 Dodging
 - Level 1.7 Stealth
 + Level 2.7 Spellcasting
 + Level 2.0 Transmutations
 + Level 3.3 Earth Magic


You had one spell level left.
You knew the following spells:

 Your Spells              Type           Power      Damage    Failure   Level
a - Sandblast             Erth           26%        2d8       4%          1
b - Stone Arrow           Conj/Erth      14%        3d7       26%         3
c - Passwall              Tmut/Erth      9%         N/A       9%          2

Your spell library contained the following spells:

 Spells                   Type           Power      Damage    Failure   Level
 Petrify                  Tmut/Erth      11%        N/A       52%         4
 Lee's Rapid Deconstruct  Erth           6%         3d7*      78%         5


Dungeon Overview and Level Annotations

Branches:
Dungeon (3/15)

Altars:
Ru


Innate Abilities, Weirdness & Mutations

You regenerate a little health from kills.
You are hated by all.
Spells you cast may paralyse adjacent enemies.


Message History

Malevolent energies surge around you.
Casting: Sandblast (safe; 4% risk of failure)
Confirm with . or Enter, or press ? or * to list all spells.
Aiming: Sandblast (safe; 4% risk of failure)
Press: ? - help, Shift-Dir - straight line, f/p - wight
Aim: a wight, wielding a +0 hand axe and wearing a +0 robe (lightly damaged, paralysed, 100% to hit)
The blast of sand hits the wight but does no damage.
The wight is lightly damaged.
Malevolent energies surge around you.
Casting: Sandblast (safe; 4% risk of failure)
Confirm with . or Enter, or press ? or * to list all spells.
Aiming: Sandblast (safe; 4% risk of failure)
Press: ? - help, Shift-Dir - straight line, f/p - wight
Aim: a wight, wielding a +0 hand axe and wearing a +0 robe (lightly damaged, paralysed, 100% to hit)
The blast of sand hits the wight but does no damage.
The wight is lightly damaged.
Malevolent energies surge around you.
The wight is no longer paralysed.
You closely miss the wight.
The wight is lightly damaged.
The wight closely misses you.
You hit the wight.
The wight is lightly damaged.
The wight misses you.
You hit the wight.
The wight is moderately damaged.
The wight closely misses you.
You hit the wight but do no damage.
The wight is moderately damaged.
The wight closely misses you.
You hit the wight.
The wight is heavily damaged.
The wight hits you with a +0 hand axe.
You hit the wight but do no damage.
The wight is heavily damaged.
The wight hits you with a +0 hand axe!
You feel drained.
You hit the wight but do no damage.
The wight is heavily damaged.
The wight hits you with a +0 hand axe!
Ouch! That really hurt!
You die...

#.# ##.#.##.##.#.## #.#
##.#.##.#.##.#.## ..#
##.#.##.#.#.##.#.## ###
##.#.##.#...#.##.#.##
#.#.##[...##.#.##.#.#
###
##.#...#.##.#.##.#.##
..# ##.#.#.##.#.##.#.##
### ##.#.##.#.##.#.## ##
##.##.#@##.#.## .#
###.#z##.#.## .#
#.#.##.#.## .# ####
.#.##.#.## .# ##..##
#.##.#.## .#
##....##.##.#.#### #
.###......###.#.##..##.#
...+.......#...##.......
.###..........#.#...##.#


You could see a wight.

Vanquished Creatures
  An adder (D:2)
  A worm (D:2)
  3 ball pythons
  6 bats
  2 endoplasms (D:1)
  3 giant cockroaches
  4 goblins
  5 hobgoblins
  3 jackals (D:1)
  4 quokkas
  A frilled lizard (D:1)
  2 kobolds (D:2)
  5 rats
40 creatures vanquished.

Vanquished Creatures (others)
  A plant (D:2)
1 creature vanquished.

Grand Total: 41 creatures vanquished

Notes
Turn   | Place    | Note
-------+----------+-------------------------------------------
     0 | D:1      | tsouns the Demonspawn Earth Elementalist began the quest
                  | for the Orb.
     0 | D:1      | Reached XP level 1. HP: 13/13 MP: 3/3
    39 | D:1      | Reached skill level 1 in Transmutations
   613 | D:1      | Gained mutation: Spells you cast may paralyse adjacent
                  | enemies. [demonic ancestry]
   613 | D:1      | Reached XP level 2. HP: 19/19 MP: 3/5
  1005 | D:1      | Reached skill level 3 in Earth Magic
  1491 | D:2      | Gained mutation: You regenerate a little health from kills.
                  | [demonic ancestry]
  1491 | D:2      | Reached XP level 3. HP: 19/24 MP: 0/6
  1495 | D:2      | Learned a level 3 spell: Stone Arrow
  1498 | D:2      | Learned a level 2 spell: Passwall
  1726 | D:2      | Found a faded altar of an unknown god.
  1729 | D:2      | Became a worshipper of Ru the Awakened
  1747 | D:2      | Gained mutation: You are hated by all. [Ru sacrifice]
  1747 | D:2      | Reached * piety under Ru
  2655 | D:3      | Slain by a wight

Illustrated notes

Levels and vault maps discovered:
D:1:      dpeg_arrival_tiny_k, layout_basic
D:2:      minmay_spotlight, layout_basic,
          hellmonk_ecumenical_altar_heavens_door, glass_columns_a,
          chequers_big_river
D:3:      minmay_inner_zag, layout_loops_corners, serial_bayou_lagoon_b,
          uniq_grinder

Skill      XL: |  1  2  3 |
---------------+----------+-----
Transmutations | 1 2 |  2.0
Earth Magic    | 3 |  3.3
Dodging        | |  1.7
Stealth        | |  1.7
Spellcasting   | |  2.7

Action                   || total
-------------------------++-------
Melee: Unarmed           ||    35
       Dagger            ||    20
 Cast: Sandblast         ||    60
Invok: Sacrifice Love    ||     1
 Stab: Paralysed         ||     2
       Sleeping          ||     1
Armor: Robe              ||    11
Dodge: Dodged            ||    45

Table legend: (Time is in decaauts)
 A = Elapsed time spent in this place.
 B = Non-inter-level travel time spent in this place.
 C = Inter-level travel time spent in this place.
 D = Time resting spent in this place.
 E = Time spent auto-exploring this place.
 F = Levels seen in this place.
 G = Mean time per level.
                   A        B        C        D        E       F      G
               +--------+--------+--------+--------+--------+-----+--------+
         Total |   2657 |   2602 |     55 |      0 |   2275 |   3 |  885.7 |
       Dungeon |   2657 |   2602 |     55 |      0 |   2275 |   3 |  885.7 |
               +--------+--------+--------+--------+--------+-----+--------+

Top non-repeatable levels by time:
     D:1: 1472 daAuts
     D:2: 839 daAuts
     D:3: 346 daAuts
